AoeStats
← Dango

Arabia

509589709Analyzed
1v1 RM · 4d ago on Sep 27, 2026· 26m 22s· 2 players
Game mode
Random Map
Map size
Tiny (2 player)
Population
200
Speed
Normal
Resources
Standard
Victory
Conquest
Starting age
Dark Age
Ending age
Imperial Age
RankedLock teamsTeams togetherTeam positionsShared explorationLock speedFull tech treeHidden civsTurbo modeCheats
Victory
Defeat
🇻🇳 Malay · Vietnam
957
+14
🇨🇳 Mongols · China
924
-14
库吉特昌少可汗
2:37 Loom
8:52 Loom
10:59 Feudal Age
12:53 Double-Bit Axe
17:39 Castle Age
17:41 Bloodlines
21:35 Scale Barding Armor
26:20 Forging
Dango
7:04 Loom
10:07 Feudal Age
9:57 Double-Bit Axe
15:24 Fletching
21:58 Castle Age
20:59 Crossbowman
21:38 Bodkin Arrow
24:52 Thumb Ring
Connection lost

Rejoining the realm…

Still unreachable

The connection could not be restored.

Session expired

The server has moved on; the page needs a fresh start.